 Dungeon Crawl Stone Soup version 0.28-b1-25-g9875b3fc8c (webtiles) character file.

Game seed: 11134544043250865701

230070 Leszczynek the Sharpshooter (level 19, -4/127 HPs)
             Began as a Kobold Warper on Feb 7, 2022.
             Was a High Priest of Okawaru.
             Shot with a bolt by a vault warden (32 damage)
             ... on level 1 of the Vaults.
             The game lasted 03:04:31 (51323 turns).

Leszczynek the Sharpshooter (Kobold Warper)        Turns: 51323, Time: 03:04:32

Health: -4/127     AC: 15    Str: 15    XL:     19   Next: 74%
Magic:  0/30       EV: 32    Int: 16    God:    Okawaru [*****.]
Gold:   1335       SH:  0    Dex: 24    Spells: 16/32 levels left

rFire   + . .      SeeInvis +   b - +0 arbalest (flame)
rCold   + . .      Faith    .   (shield currently unavailable)
rNeg    . . .      Spirit   +   O - +2 leather armour {rC+}
rPois   +          Reflect  .   P - +1 helmet {SInv}
rElec   +          Harm     .   N - +0 cloak {rF+}
rCorr   +          Rampage  .   L - +1 pair of gloves "Harag" {god gift, Dex+3}
Will    ++...                   Z - +2 pair of boots of Valiance {god gift, rPois rCorr Dex+4}
Stlth   ++++++++..              V - amulet "Arghotz" {Spirit rElec}
HPRegen 0.31/turn               X - ring "Ruedia" {rElec rCorr Dex+3 Slay+2}
MPRegen 0.22/turn               F - ring of willpower

@: heroic, portalling projectiles
A: small, no large weapons, nightstalker 3
}: 2/15 runes: serpentine, barnacled
a: Renounce Religion, Heroism, Finesse, Duel


You were on level 1 of the Vaults.
You worshipped Okawaru.
Okawaru was extremely pleased with you.
You visited 7 branches of the dungeon, and saw 33 of its levels.
You also visited: Volcano.

You collected 3624 gold pieces.
You spent 2289 gold pieces at shops.

Inventory:

Hand Weapons
 a - the +8 rapier "Gaymm" {vorpal, rC++ rCorr Int+4}
   (You found it on level 4 of the Shoals)

   It inflicts extra damage upon your enemies.
   Int:       It affects your intelligence (+4).
   rC:        It greatly protects you from cold.
   rCorr:     It protects you from acid and corrosion.
 b - a +0 arbalest of flaming (weapon)
 c - a +3 scimitar of flaming
Missiles
 e - 543 bolts (quivered ammo)
 x - 6 throwing nets
Armour
 L - the +1 pair of gloves "Harag" (worn) {god gift, Dex+3}
   (Okawaru gifted it to you on level 4 of the Snake Pit)

   Dex:       It affects your dexterity (+3).
 N - a +0 cloak of fire resistance (worn)
 O - a +2 leather armour of cold resistance (worn)
 P - a +1 helmet of see invisible (worn)
 Z - the +2 pair of boots of Valiance (worn) {god gift, rPois rCorr Dex+4}
   (Okawaru gifted it to you on level 6 of the Lair of Beasts)

   Dex:       It affects your dexterity (+4).
   rPois:     It protects you from poison.
   rCorr:     It protects you from acid and corrosion.
Jewellery
 d - a ring of the Octopus King {rN+ AC+1 EV+1 Str+1 Int+1 Dex+1}
   (You found it on level 12 of the Dungeon)

   [ring of positive energy]

   AC:        It affects your AC (+1).
   EV:        It affects your evasion (+1).
   Str:       It affects your strength (+1).
   Int:       It affects your intelligence (+1).
   Dex:       It affects your dexterity (+1).
   rN:        It protects you from negative energy.
 g - a ring of willpower
 j - a ring of protection from cold
 z - a +4 ring of evasion
 B - a ring of protection from fire
 F - a ring of willpower (right hand)
 V - the amulet "Arghotz" (around neck) {Spirit rElec}
   (You found it on level 9 of the Dungeon)

   [amulet of guardian spirit]

   It causes incoming damage to be divided between your reserves of health and
   magic.
   rElec:     It insulates you from electricity.
 X - the ring "Ruedia" (left hand) {rElec rCorr Dex+3 Slay+2}
   (You found it on level 9 of the Dungeon)

   [ring of resist corrosion]

   Dex:       It affects your dexterity (+3).
   Slay:      It affects your accuracy & damage with ranged weapons and melee
   (+2).
   rElec:     It insulates you from electricity.
   rCorr:     It protects you from acid and corrosion.
 Y - the ring "Demiezxu" {rPois rF+ Int+8 Dex-3}
   (You found it on level 9 of the Dungeon)

   [ring of poison resistance]

   Int:       It affects your intelligence (+8).
   Dex:       It affects your dexterity (-3).
   rF:        It protects you from fire.
   rPois:     It protects you from poison.
Wands
 f - a wand of iceblast (17)
 n - a wand of acid (11)
 r - a wand of flame (104)
 I - a wand of paralysis (10)
 R - a wand of mindburst (11)
 T - a wand of digging (8)
Scrolls
 h - a scroll of immolation {!r}
 m - 17 scrolls of teleportation
 q - 8 scrolls of fear
 s - 2 scrolls of torment {!r}
 t - 5 scrolls of vulnerability {!r}
 u - 6 scrolls of magic mapping
 w - 2 scrolls of blinking
 y - a scroll of brand weapon {unknown}
 H - 3 scrolls of silence {!r}
 K - a scroll of holy word {unknown}
 U - a scroll of fog {unknown}
 W - 4 scrolls of enchant weapon
Potions
 i - 7 potions of berserk rage {!q}
 k - 3 potions of resistance
 l - 15 potions of curing {@q1}
 o - a potion of might
 v - 4 potions of flight
 A - a potion of magic {unknown}
 D - 5 potions of mutation {!q}
 G - 2 potions of cancellation
 J - 3 potions of haste
 M - 7 potions of ambrosia
 Q - 3 potions of lignification {!q}
 S - 3 potions of brilliance
Miscellaneous
 C - a lightning rod (4/4)


   Skills:
 + Level 16.9(21.9) Fighting
 - Level 14.0(19.0) Short Blades
 - Level 18.0(23.0) Crossbows
 - Level 1.1(6.1) Throwing
 + Level 2.9(7.9) Armour
 + Level 13.5(18.5) Dodging
 - Level 14.0(19.0) Stealth
 + Level 7.4 Spellcasting
 - Level 4.0 Hexes
 * Level 13.6 Translocations
 - Level 11.1 Invocations
 - Level 8.3 Evocations


You had 16 spell levels left.
You knew the following spells:

 Your Spells              Type           Power      Damage    Failure   Level
a - Dispersal             Tloc           24%        N/A       9%          6
c - Portal Projectile     Hex/Tloc       68%        N/A       1%          3
d - Passage of Golubria   Tloc           49%        N/A       1%          4
A - Apportation           Tloc           98%        N/A       1%          1
B - Blink                 Tloc           98%        N/A       1%          2

Your spell library contained the following spells:

 Spells                   Type           Power      Damage    Failure   Level
 Gell's Gravitas          Tloc           49%        N/A       1%          3
 Lesser Beckoning         Tloc           49%        N/A       1%          3
 Teleport Other           Tloc           49%        N/A       1%          3
 Manifold Assault         Tloc           49%        N/A       1%          5
 Ensorcelled Hibernation  Hex/Ice        24%        N/A       10%         2
 Beastly Appendage        Tmut           10%        N/A       14%         1
 Foxfire                  Conj/Fire      20%        2x1d5     14%         1
 Inner Flame              Hex/Fire       12%        N/A       19%         3
 Passwall                 Tmut/Erth      4%         N/A       22%         2
 Sublimation of Blood     Necr           5%         N/A       22%         2
 Wereblood                Tmut           5%         N/A       22%         2
 Conjure Flame            Conj/Fire      5%         6-21      38%         3
 Spider Form              Tmut/Pois      5%         N/A       38%         3
 Swiftness                Air            5%         N/A       38%         3
 Leda's Liquefaction      Hex/Erth       6%         N/A       52%         4
 Airstrike                Air            2%         N/A       80%         4
 Flame Wave               Conj/Fire      5%         2d5       80%         4
 Petrify                  Tmut/Erth      5%         N/A       80%         4
 Yara's Violent Unravell  Hex/Tmut       6%         3d5       86%         5
 Alistair's Intoxication  Tmut/Pois      3%         N/A       98%         5
 Fireball                 Conj/Fire      2%         3d4       98%         5
 Freezing Cloud           Conj/Ice/Air   2%         6-21      98%         5
 Irradiate                Conj/Tmut      2%         3d14      98%         5
 Lightning Bolt           Conj/Air       2%         1d14      98%         5
 Disjunction              Tloc           24%        N/A       98%         8
 Starburst                Conj/Fire      2%         6d3       100%        6
 Ignition                 Fire           2%         3d3       100%        8
 Polar Vortex             Ice            2%         N/A       100%        9
 Tukima's Dance           Hex            Unusable   N/A       N/A         3
 Call Canine Familiar     Summ           Unusable   N/A       N/A         3
 Summon Lightning Spire   Summ/Air       Unusable   N/A       N/A         4
 Simulacrum               Ice/Necr       Unusable   N/A       N/A         6

Dungeon Overview and Level Annotations

Branches:
Dungeon (15/15)            Temple (1/1) D:6            Lair (6/6) D:8
 Shoals (4/4) Lair:2        Snake (4/4) Lair:4        Slime (0/5) Lair:6
    Orc (2/2) D:11            Elf (0/3) Orc:2        Vaults (1/5) D:14
Volcano (visited)
 Depths: D:15

Altars:
Kikubaaqudgha
Okawaru
Ru
Xom
Beogh
Jiyva

Shops:
D:10 =((   Orc:2 (=[*   Shoals:3 [   Shoals:4 :   Snake:2 *   Snake:4 :=:

Annotations:
D:10 Nergalle
D:12 Snorg, Urug
D:14 Louise, Rupert
Lair:3 2 runed translucent doors
Lair:4 exclusions: hog and 1 more exclusion, Kirke
Lair:5 exclusion: oklob plant
Lair:6 1 runed translucent door
Snake:2 Saint Roka, Vashnia


Innate Abilities, Weirdness & Mutations

You are small and have problems with some larger weapons.
You are completely attuned to the shadows.


Message History

The vault warden activates a sealing rune.
A door slams shut!
You magically shoot a bolt.
The bolt barely misses the vault warden.
The vault warden shoots a bolt.
The bolt hits you!
You gain the combat prowess of a mighty hero.
The vault warden shoots a bolt.
The bolt barely misses you.
You magically shoot a bolt.
The bolt hits the vault warden!!
The bolt burns the vault warden!
The vault warden is heavily wounded.
The vault warden shoots a bolt.
The bolt closely misses you.
Fire: 547 bolts
Press: ? - help, Q - select action, (/) - cycle Shift-Dir - straight line, f/p - vault warden
Aim: a vault warden, wielding a +0 arbalest, wearing a +0 plate armour and quivering bolts (heavily wounded, 82% to hit)
You magically shoot a bolt.
The bolt hits the vault warden!
The bolt burns the vault warden.
The vault warden is severely wounded.
The vault warden shoots a bolt.
The bolt hits you!!
Fire: 546 bolts
Press: ? - help, Q - select action, (/) - cycle Shift-Dir - straight line, f/p - vault warden
Aim: a vault warden, wielding a +0 arbalest, wearing a +0 plate armour and quivering bolts (severely wounded, 82% to hit)
You magically shoot a bolt.
The bolt hits the vault warden!
The bolt burns the vault warden.
The vault warden is almost dead.
The vault warden shoots a bolt.
The bolt hits you!!
* * * LOW HITPOINT WARNING * * *
Fire: 545 bolts
Press: ? - help, Q - select action, (/) - cycle Shift-Dir - straight line, f/p - vault warden
Aim: a vault warden, wielding a +0 arbalest, wearing a +0 plate armour and quivering bolts (almost dead, 82% to hit)
You magically shoot a bolt.
The bolt hits the vault warden but does no damage.
The vault warden is almost dead.
Fire: 544 bolts
Press: ? - help, Q - select action, (/) - cycle Shift-Dir - straight line, f/p - vault warden
Aim: a vault warden, wielding a +0 arbalest, wearing a +0 plate armour and quivering bolts (almost dead, 82% to hit)
You magically shoot a bolt.
The bolt hits the vault warden.
The bolt burns the vault warden.
The vault warden is almost dead.
The vault warden shoots a bolt.
The bolt hits you!!
You die...

#..#.#...# # #..'##[### #
####..#.# # #.#..#### #
###[#'#..# # #...#.'..# # ...#
#...###..# #
#..###########+#############
#..#...(p..@..[.............
#.^#........................
.####..#..[.....................
......))........................
......)#^.......................
.##'#..#.....#'###########''####
#cc#..#.....#...## #......#
#pc#..#.....#....## #......#
####..#.....'.....## #......#


You could see a vault warden.

Vanquished Creatures
  Jorgrun (D:14)
  A frost giant (Shoals:4)
  9 nagarajas (Snake:4)
  An orc warlord (D:14)
  A vault warden (D:14)
  4 ironbound preservers
  Nessos (Orc:2)
  An ironbound thunderhulk (Vaults:1)
  A stone giant (Volcano)
  Azrael (D:14)
  3 merfolk javelineers
  7 merfolk impalers
  3 vault guards (D:14)
  18 naga warriors
  3 salamander tyrants
  4 boulder beetles
  2 merfolk avatars
  3 centaur warriors
  9 hydras
  An ogre mage (D:15)
  10 anacondas
  Erica (D:15)
  An alligator snapping turtle (Shoals:2)
  4 death yaks
  3 merfolk aquamancers
  11 two-headed ogres
  15 naga sharpshooters
  7 orc high priests (Orc:2)
  6 shock serpents
  2 deep elf knights (D:15)
  A fire crab (Lair:6)
  2 salamander mystics (Snake:4)
  2 skeletal warriors (D:14)
  11 sea snakes
  4 naga ritualists
  4 orc knights
  10 deep trolls
  A lindwurm (Lair:6)
  11 harpies
  3 deep elf pyromancers
  A necromancer (D:13)
  7 wizards
  35 ugly things
  8 salamanders
  13 manticores
  6 mana vipers
  5 fauns (Shoals:1)
  4 cyclopes
  4 merfolk sirens
  4 vault sentinels
  23 black mambas
  2 water nymphs (Shoals:3)
  7 elephants
  2 molten gargoyles (Volcano)
  14 cane toads
  8 guardian serpents
  19 naga magi
  5 gargoyles
  3 yaktaurs (Vaults:1)
  A centaur skeleton (D:13)
  3 unseen horrors
  8 rime drakes
  8 komodo dragons
  3 efreet
  2 ice devils (D:12)
  25 merfolk
  4 polar bears
  3 trolls
  3 meliai (D:13)
  A queen bee (D:13)
  A harpy skeleton (D:13)
  4 hornets (Lair:6)
  Prince Ribbit (Arena)
  Grinder (D:6)
  3 wind drakes
  7 slime creatures
  10 dream sheep
  5 snapping turtles
  12 blink frogs
  3 water elementals
  9 wyverns
  14 spriggans (Lair:6)
  3 wraiths
  2 vampires
  3 fire elementals
  Eustachio (D:6)
  8 basilisks
  A human (D:11)
  48 yaks
  Grum (D:10)
  A steam dragon (Lair:2)
  6 vampire mosquitoes
  37 nagas
  Edmund (D:5)
  9 wargs
  An acid dragon (D:9)
  16 water moccasins
  2 hell hounds (D:14)
  6 black bears
  2 ice beasts
  15 orc warriors
  23 wolves
  4 boggarts (Lair:6)
  2 necrophages
  8 ogres
  3 centaurs
  2 phantoms
  A kobold brigand (D:7)
  4 bullfrogs
  An earth elemental (Volcano)
  27 killer bees
  12 wights
  2 electric eels (Lair:2)
  6 howler monkeys
  A lava snake (Volcano)
  3 centaur zombies
  3 hounds
  A jelly (D:6)
  34 orc priests
  A gnoll shaman (Orc:2)
  3 iguanas
  21 orc wizards
  Natasha (twice) (D:2)
  6 hell rats (Lair:4)
  3 centaur simulacra
  14 gnolls
  5 adders
  A shadow imp (D:7)
  2 white imps
  2 worms
  2 dart slugs
  89 orcs
  5 endoplasms
  6 goblins
  6 hobgoblins
  3 jackals (D:3)
  4 quokkas
  9 ball pythons
  4 bats
  3 frilled lizards
  15 kobolds
  15 rats
1005 creatures vanquished.

Vanquished Creatures (others)
  A wight (D:10)
  A gnoll (D:4)
  7 bushes (Lair:6)
  64 fungi
  125 plants
198 creatures vanquished.

Grand Total: 1203 creatures vanquished

Notes
Turn   | Place    | Note
-------+----------+-------------------------------------------
     0 | D:1      | Leszczynek the Kobold Warper began the quest for the Orb.
     0 | D:1      | Reached XP level 1. HP: 12/12 MP: 3/3
    66 | D:1      | Reached skill level 3 in Short Blades
   442 | D:1      | Reached XP level 2. HP: 16/17 MP: 5/5
   662 | D:1      | Reached skill level 4 in Short Blades
   819 | D:2      | Reached XP level 3. HP: 16/21 MP: 6/6
  1135 | D:2      | Found an ancient bone altar of Kikubaaqudgha.
  1519 | D:1      | Reached skill level 5 in Short Blades
  1697 | D:2      | Identified the +5 short sword "Quaculun" {vorpal, rElec}
  1706 | D:2      | Reached XP level 4. HP: 27/27 MP: 7/7
  1738 | D:2      | Reached skill level 3 in Fighting
  1984 | D:2      | Noticed Natasha
  1987 | D:2      | nightstalker 3?
  1987 | D:2      | huh
  1995 | D:2      | Killed Natasha
  1996 | D:2      | Reached XP level 5. HP: 22/32 MP: 8/8
  2251 | D:2      | Noticed Natasha
  2257 | D:2      | Killed Natasha
  2410 | D:3      | Noticed a water moccasin
  2511 | D:3      | Found a faded altar of an unknown god.
  2537 | D:4      | Reached skill level 6 in Short Blades
  2806 | D:4      | Reached skill level 4 in Fighting
  2846 | D:4      | Reached XP level 6. HP: 38/38 MP: 9/9
  2974 | D:4      | Reached skill level 7 in Short Blades
  3012 | D:4      | You fall into a shaft and drop 2 floors!
  3084 | D:5      | Entered Level 5 of the Dungeon
  3094 | D:5      | Noticed an ogre
  3194 | D:4      | Noticed a black bear
  3286 | D:4      | Killed a black bear
  3287 | D:4      | Reached skill level 8 in Short Blades
  3654 | D:3      | Reached XP level 7. HP: 38/43 MP: 10/10
  3997 | D:3      | Killed a water moccasin
  3998 | D:3      | Reached skill level 5 in Fighting
  4484 | D:5      | Reached skill level 6 in Fighting
  4650 | D:5      | Reached skill level 3 in Dodging
  4778 | D:5      | Noticed Edmund
  4818 | D:4      | Reached XP level 8. HP: 51/51 MP: 11/11
  4912 | D:5      | Reached skill level 4 in Dodging
  5081 | D:5      | Reached skill level 5 in Dodging
  5200 | D:5      | Reached skill level 9 in Short Blades
  5300 | D:6      | Found a staircase to the Ecumenical Temple.
  5306 | Temple   | Entered the Ecumenical Temple
  5343 | Temple   | Became a worshipper of Warmaster Okawaru
  5406 | D:6      | Noticed Grinder
  5426 | D:6      | Paralysed by Grinder for 5 turns
  5433 | D:6      | Killed Grinder
  5537 | D:6      | Reached XP level 9. HP: 43/56 MP: 12/12
  5675 | D:6      | Reached skill level 7 in Fighting
  5675 | D:6      | Reached skill level 6 in Dodging
  5686 | D:6      | Reached skill level 10 in Short Blades
  5980 | D:6      | Noticed Eustachio
  6019 | D:6      | Killed Eustachio
  6020 | D:6      | Reached skill level 3 in Stealth
  6240 | D:6      | Reached * piety under Okawaru
  6241 | D:6      | Reached skill level 4 in Stealth
  6249 | D:6      | Reached skill level 8 in Fighting
  6722 | D:7      | Reached skill level 1 in Invocations
  6782 | D:7      | Reached skill level 5 in Stealth
  6782 | D:7      | Reached skill level 2 in Invocations
  7063 | D:7      | Reached skill level 3 in Invocations
  7215 | D:7      | Reached skill level 6 in Stealth
  7215 | D:7      | Reached skill level 4 in Invocations
  7221 | D:7      | Reached ** piety under Okawaru
  7472 | D:7      | Reached XP level 10. HP: 64/64 MP: 13/13
  7716 | D:7      | Noticed a cyclops
  7719 | D:7      | funny vault, possibly
  7778 | D:8      | Noticed a two-headed ogre
  7806 | D:8      | Found a staircase to the Lair.
  7806 | D:8      | Noticed a fire dragon
  7808 | D:8      | dude wtf
  8133 | D:8      | Found a sacrificial altar of Ru.
  8136 | D:8      | Found a shimmering altar of Xom.
  8252 | D:8      | Reached skill level 5 in Invocations
  8821 | D:9      | Reached skill level 7 in Stealth
  9318 | D:9      | another vault, with unseen horror
  9507 | D:10     | Entered Level 10 of the Dungeon
  9515 | D:10     | Noticed a two-headed ogre
  9527 | D:10     | Killed a two-headed ogre
  9528 | D:10     | Reached skill level 9 in Fighting
  9528 | D:10     | Reached skill level 6 in Invocations
  9652 | D:10     | Found Kaidghawe's Weapon Shoppe.
  9755 | D:10     | Noticed Grum
  9766 | D:10     | Killed Grum
  9988 | D:10     | Reached *** piety under Okawaru
  9989 | D:10     | Reached skill level 10 in Fighting
 10015 | D:10     | Reached skill level 1 in Evocations
 10223 | D:10     | Reached skill level 7 in Invocations
 10473 | D:10     | Reached skill level 2 in Evocations
 10918 | D:10     | Found Icir's Jewellery Shoppe.
 11083 | D:10     | Reached XP level 11. HP: 57/73 MP: 16/16
 11090 | D:10     | Reached skill level 3 in Evocations
 11304 | D:10     | Noticed Nergalle
 11385 | D:10     | Found Zolor's Weapon Boutique.
 11388 | D:10     | Bought a +0 arbalest for 49 gold pieces
 11559 | D:11     | Noticed a two-headed ogre
 11575 | D:11     | Killed a two-headed ogre
 11576 | D:11     | Reached skill level 11 in Fighting
 11576 | D:11     | Reached skill level 3 in Crossbows
 11627 | D:11     | Noticed an orc knight
 11701 | D:11     | Noticed a boulder beetle
 11722 | D:11     | Noticed a six-headed hydra
 11867 | D:11     | Reached **** piety under Okawaru
 11868 | D:11     | Reached skill level 4 in Crossbows
 11884 | D:11     | Found a staircase to the Orcish Mines.
 12000 | D:10     | n o p e
 12401 | D:5      | Killed Edmund
 12507 | D:7      | Killed a cyclops
 12508 | D:7      | Reached skill level 5 in Crossbows
 12851 | D:8      | Killed a two-headed ogre
 12852 | D:8      | Reached skill level 6 in Crossbows
 13101 | D:9      | Reached skill level 7 in Crossbows
 13154 | D:9      | Received a gift from Okawaru
 13193 | D:9      | Noticed a manticore
 13195 | D:9      | Noticed a boulder beetle
 13195 | D:9      | Noticed a seven-headed hydra
 13223 | D:9      | Killed a boulder beetle
 13224 | D:9      | Reached skill level 12 in Fighting
 13224 | D:9      | Reached skill level 8 in Crossbows
 13242 | D:9      | Killed a manticore
 13249 | D:9      | Killed a seven-headed hydra
 13251 | D:9      | Identified the ring "Lus Xon" {rElec rCorr Str+2 Stlth+}
 13258 | D:9      | Identified the amulet "Arghotz" {Spirit rElec}
 13258 | D:9      | Noticed a manticore
 13267 | D:9      | Killed a manticore
 13267 | D:9      | Reached ***** piety under Okawaru
 13268 | D:9      | Reached skill level 9 in Crossbows
 13268 | D:9      | Reached XP level 12. HP: 79/82 MP: 17/17
 13298 | D:9      | Received a gift from Okawaru
 13546 | D:9      | Identified the ring "Ruedia" {rElec rCorr Dex+3 Slay+2}
 13553 | D:9      | Identified the ring "Demiezxu" {rPois rF+ Int+8 Dex-3}
 13555 | D:9      | XD
 13584 | D:9      | funny vault
 13675 | Lair:1   | Entered Level 1 of the Lair of Beasts
 13922 | Lair:1   | Reached skill level 10 in Crossbows
 13940 | Lair:1   | Reached skill level 7 in Dodging
 15142 | Lair:2   | Received a gift from Okawaru
 15182 | Lair:2   | Reached skill level 4 in Evocations
 15398 | Lair:2   | Found a staircase to the Shoals.
 15837 | Lair:2   | Received a gift from Okawaru
 15838 | Lair:2   | Reached skill level 11 in Short Blades
 15838 | Lair:2   | Reached skill level 8 in Dodging
 15998 | Lair:2   | Received a gift from Okawaru
 16242 | Lair:2   | Reached skill level 5 in Evocations
 17122 | Lair:3   | Reached skill level 8 in Invocations
 17144 | Lair:3   | Received a gift from Okawaru
 17218 | Lair:3   | Noticed a death yak
 17296 | Lair:3   | Reached skill level 12 in Short Blades
 17296 | Lair:3   | Reached XP level 13. HP: 87/87 MP: 19/19
 17317 | Lair:3   | Noticed Prince Ribbit
 17353 | Arena    | Entered the Arena
 17367 | Arena    | Killed Prince Ribbit
 17384 | Lair:3   | Reached skill level 8 in Stealth
 17384 | Lair:3   | Reached skill level 6 in Evocations
 17816 | Lair:3   | Reached skill level 9 in Stealth
 17816 | Lair:3   | Reached skill level 9 in Invocations
 17854 | Lair:3   | Noticed a seven-headed hydra
 17940 | Lair:3   | Found a large runed translucent door.
 17940 | Lair:3   | Found a large runed translucent door.
 18363 | Lair:4   | Noticed an eight-headed hydra
 18365 | Lair:4   | i'm so fucking dead
 18381 | Lair:4   | Killed a four-headed hydra
 18382 | Lair:4   | Reached skill level 10 in Stealth
 18425 | Lair:4   | Reached skill level 10 in Invocations
 18713 | Lair:4   | Reached skill level 11 in Stealth
 19066 | Lair:4   | Noticed Kirke
 19252 | Lair:4   | Found a staircase to the Snake Pit.
 19697 | Lair:5   | Noticed a seven-headed hydra
 19944 | Lair:5   | Received a gift from Okawaru
 20279 | Lair:5   | Found a dark tunnel.
 20282 | Volcano  | Entered a volcano
 20591 | Volcano  | Found a burning altar of Makhleb.
 20818 | Volcano  | Noticed a stone giant
 20854 | Volcano  | Killed a stone giant
 20855 | Volcano  | Reached skill level 12 in Stealth
 21054 | Volcano  | Reached XP level 14. HP: 92/92 MP: 14/21
 21117 | Volcano  | Reached skill level 11 in Crossbows
 21146 | Volcano  | Identified the +0 scale mail "Banekk" {rF+ rC- rN++ Regen+}
 21290 | Lair:6   | Entered Level 6 of the Lair of Beasts
 21290 | Lair:6   | Found a runed translucent door.
 21290 | Lair:6   | Found a viscous altar of Jiyva.
 21291 | Lair:6   | Noticed an acid blob
 21294 | Lair:6   | Found a staircase to the Slime Pits.
 21649 | Lair:6   | Received a gift from Okawaru
 21655 | Lair:6   | Reached skill level 13 in Fighting
 21665 | Lair:6   | Reached skill level 9 in Dodging
 22114 | Lair:6   | Reached skill level 12 in Crossbows
 22294 | Lair:6   | Identified the +2 pair of boots of Valiance {god gift,
                  | rPois rCorr Dex+4} (Okawaru gifted it to you on level 6 of
                  | the Lair of Beasts)
 22294 | Lair:6   | Received a gift from Okawaru
 22941 | Lair:6   | Reached skill level 10 in Dodging
 23011 | Lair:6   | Reached skill level 13 in Crossbows
 23801 | Lair:6   | Reached skill level 14 in Crossbows
 24119 | Lair:6   | Received a gift from Okawaru
 24120 | Lair:6   | Reached skill level 15 in Crossbows
 24330 | Lair:6   | Identified the +9 quarterstaff of Karma {protect, *Slow
                  | rElec rF+}
 24474 | Lair:6   | Reached XP level 15. HP: 69/98 MP: 13/22
 24490 | Lair:6   | Received a gift from Okawaru
 24955 | D:11     | Reached skill level 16 in Crossbows
 25929 | D:12     | it's "nearby" everywhere on this fucking level
 25929 | D:12     | what the fuck
 25932 | D:12     | Found the ring of the Octopus King
 25939 | D:12     | Identified a ring of the Octopus King {rN+ AC+1 EV+1 Str+1
                  | Int+1 Dex+1}
 25963 | D:12     | Received a gift from Okawaru
 26144 | D:12     | Noticed Urug
 26215 | Orc:1    | Entered Level 1 of the Orcish Mines
 26244 | Orc:2    | Entered Level 2 of the Orcish Mines
 26265 | Orc:2    | Noticed Nessos
 26293 | Orc:2    | Killed Nessos
 26530 | Orc:2    | Found a staircase to the Elven Halls.
 26653 | Orc:2    | Reached skill level 17 in Crossbows
 26838 | Orc:2    | Identified the +1 scale mail "Erghegee" {god gift, rF+ rC+
                  | Dex+4 Slay-6} (Okawaru gifted it to you on level 2 of the
                  | Orcish Mines)
 26838 | Orc:2    | Received a gift from Okawaru
 26845 | Orc:2    | >slay-6
 26845 | Orc:2    | XD
 26856 | Orc:2    | oka delivers
 27475 | Orc:2    | Found Simemu's Armour Emporium.
 27775 | Orc:2    | Found Igaq's Assorted Antiques.
 27780 | Orc:2    | Bought a scroll of identify for 76 gold pieces
 28550 | Orc:2    | Found Cahicw's Jewellery Shop.
 28557 | Orc:2    | Found Laaczomne's Antique Weapon Emporium.
 28566 | Orc:2    | Bought a smouldering falchion for 232 gold pieces
 28566 | Orc:2    | Identified the +3 falchion of Valour {vorpal, rCorr Str+2}
                  | (You bought it in a shop on level 2 of the Orcish Mines)
 28577 | Orc:2    | it's an absolute fucking disaster
 28609 | Orc:2    | Bought a bubbling emerald potion for 34 gold pieces
 28609 | Orc:2    | Bought a potion of curing for 114 gold pieces
 28609 | Orc:2    | Bought a scroll of magic mapping for 133 gold pieces
 28609 | Orc:2    | Bought a scroll of teleportation for 114 gold pieces
 28609 | Orc:2    | i'm buying curing for 114, that's how bad these shops are
 28781 | D:12     | Noticed Snorg
 29203 | D:14     | Noticed Rupert
 29206 | D:14     | n o p e
 29286 | D:14     | Noticed Jorgrun
 29349 | D:14     | Reached skill level 11 in Dodging
 29354 | D:14     | Reached skill level 18 in Crossbows
 29876 | D:14     | Noticed Louise
 30086 | D:14     | Noticed Azrael
 30117 | D:14     | Killed Azrael
 30118 | D:14     | Reached skill level 4 in Translocations
 30363 | D:15     | Entered Level 15 of the Dungeon
 30381 | D:15     | Received a gift from Okawaru
 30382 | D:15     | Reached XP level 16. HP: 105/105 MP: 23/23
 30689 | D:13     | why am i not getting faith back
 30689 | D:13     | what the flying fuck
 30694 | D:13     | i don't even spam abilities
 31196 | D:13     | Reached skill level 5 in Translocations
 31624 | D:11     | Reached skill level 14 in Fighting
 31625 | D:11     | Paralysed by an orc wizard for 6 turns
 32008 | Snake:1  | Entered Level 1 of the Snake Pit
 32201 | Snake:1  | Received a gift from Okawaru
 32853 | Snake:1  | Received a gift from Okawaru
 32854 | Snake:1  | Reached skill level 13 in Stealth
 32945 | Snake:1  | Reached skill level 6 in Translocations
 32991 | Snake:1  | Learned a level 2 spell: Blink
 33002 | Snake:1  | Learned a level 4 spell: Passage of Golubria
 33370 | Snake:1  | Reached skill level 12 in Dodging
 33487 | Snake:1  | Received a gift from Okawaru
 33684 | Snake:1  | Received a gift from Okawaru
 33685 | Snake:1  | Reached skill level 7 in Translocations
 34705 | Snake:2  | Received a gift from Okawaru
 34710 | Snake:2  | finally back at 5*, jesus
 34724 | Snake:2  | Found Hiekhul's Gadget Gallery.
 34735 | Snake:2  | Bought a lightning rod (4/4) for 390 gold pieces
 34999 | Snake:2  | Noticed Saint Roka
 35020 | Snake:1  | uh huh
 35037 | Snake:1  | i mean orcs in a lair branch, what could it be?
 35072 | Snake:2  | Received a gift from Okawaru
 35170 | Snake:2  | Reached skill level 8 in Translocations
 35207 | Snake:2  | Noticed Vashnia
 35209 | Snake:2  | mhhhhhh
 35258 | Snake:2  | Reached skill level 14 in Stealth
 35536 | Snake:2  | You fall into a shaft and drop 1 floor!
 35556 | Snake:3  | Reached XP level 17. HP: 79/112 MP: 16/24
 35558 | Snake:3  | Reached skill level 3 in Spellcasting
 35760 | Snake:3  | Received a gift from Okawaru
 35848 | Snake:3  | Reached skill level 4 in Spellcasting
 35857 | Snake:3  | Reached skill level 7 in Evocations
 36361 | Snake:3  | Reached skill level 15 in Fighting
 36592 | Snake:4  | Entered Level 4 of the Snake Pit
 36879 | Snake:4  | Reached skill level 5 in Spellcasting
 36916 | Snake:4  | Received a gift from Okawaru
 37253 | Snake:4  | Received a gift from Okawaru
 37351 | Snake:4  | Reached skill level 8 in Evocations
 37470 | Snake:4  | Reached skill level 11 in Invocations
 37568 | Snake:4  | Reached skill level 9 in Translocations
 37621 | Snake:4  | Found Efuuwi's Book Emporium.
 37621 | Snake:4  | Found Ohes's Book Emporium.
 37629 | Snake:4  | Found Qic Cog's Jewellery Shop.
 37657 | Snake:4  | Bought a book of Party Tricks for 192 gold pieces
 37657 | Snake:4  | Bought a book of the Warp for 384 gold pieces
 37659 | Snake:4  | Learned a level 1 spell: Apportation
 37674 | Snake:4  | if i can somehow cast disjunction at the end game, i will
                  | be good
 37674 | Snake:4  | maybe
 37678 | Snake:4  | still no portal projectile though
 37964 | Snake:4  | Received a gift from Okawaru
 38271 | Snake:4  | Reached skill level 10 in Translocations
 38591 | Snake:4  | Identified the +1 pair of gloves "Harag" {god gift, Dex+3}
                  | (Okawaru gifted it to you on level 4 of the Snake Pit)
 38591 | Snake:4  | Received a gift from Okawaru
 38593 | Snake:4  | HP: 22/113 [naga sharpshooter/bolt (19)]
 39024 | Snake:4  | HP: 22/113 [poisoned by a nagaraja (poison arrow)]
 40513 | Snake:4  | Reached skill level 11 in Translocations
 40513 | Snake:4  | Reached XP level 18. HP: 110/120 MP: 23/26
 41095 | Snake:4  | Got a serpentine rune of Zot
 41611 | Orc:2    | Bought a ring of willpower for 375 gold pieces
 41841 | Shoals:1 | Entered Level 1 of the Shoals
 41907 | Shoals:1 | Learned a level 3 spell: Portal Projectile
 41907 | Shoals:1 | gotcha
 42063 | Shoals:2 | Reached skill level 1 in Hexes
 42260 | Shoals:2 | Reached skill level 2 in Hexes
 42279 | Shoals:2 | Reached skill level 16 in Fighting
 42536 | Shoals:3 | Found Gaeruw's Antique Armour Boutique.
 42543 | Shoals:3 | robe of vines
 42543 | Shoals:3 | Bought an ichor-stained leather armour for 196 gold pieces
 42543 | Shoals:3 | Identified the +4 leather armour of Pasaateq {Int+3} (You
                  | bought it in a shop on level 3 of the Shoals)
 42543 | Shoals:3 | but it costs a shitton
 42787 | Shoals:3 | Reached skill level 12 in Translocations
 42970 | Shoals:4 | Entered Level 4 of the Shoals
 42992 | Shoals:4 | Found Iqurasel's Book Shop.
 42997 | Shoals:4 | shop in shoals 4, huh
 42997 | Shoals:4 | >manual of dodging
 42997 | Shoals:4 | hmmmmmmmmmmmmmmmmmmmmmmmmmmmmmmmmmmmmmmmm
 43011 | Shoals:4 | Reached skill level 3 in Hexes
 43997 | Shoals:4 | Reached skill level 4 in Hexes
 44005 | Shoals:4 | Received a gift from Okawaru
 44025 | Shoals:4 | Identified the +8 rapier "Gaymm" {vorpal, rC++ rCorr Int+4}
 44197 | Shoals:4 | Identified the +1 robe of Disaster {rN+ Int+7 Slay-3 SInv}
 44198 | Shoals:4 | nice slaying minuses on randarts this game
 44439 | Shoals:4 | Received a gift from Okawaru
 44466 | Shoals:4 | Got a barnacled rune of Zot
 44610 | Shoals:3 | Reached skill level 6 in Spellcasting
 44846 | Shoals:2 | Received a gift from Okawaru
 45614 | Shoals:1 | Received a gift from Okawaru
 45622 | Shoals:1 | HP: 23/122 [drowned by a water elemental (5)]
 46649 | D:14     | Killed Jorgrun
 46649 | D:14     | Received a gift from Okawaru
 46650 | D:14     | Reached skill level 13 in Short Blades
 46830 | D:14     | Reached XP level 19. HP: 127/127 MP: 28/28
 46885 | D:14     | Identified the +5 plate armour "Dohasm" {god gift, rF+
                  | Str+5} (Okawaru gifted it to you on level 14 of the
                  | Dungeon)
 46885 | D:14     | Received a gift from Okawaru
 46889 | D:14     | this isn't bad
 46889 | D:14     | but not for this character
 46889 | D:14     | cmon oka
 46889 | D:14     | i tried exactly 0 armor since the beginning of the game!
 47082 | D:14     | Found a gate to the Vaults.
 47147 | D:14     | Reached skill level 1 in Armour
 47237 | D:15     | Reached skill level 13 in Dodging
 47674 | D:15     | Learned a level 6 spell: Dispersal
 47732 | D:15     | Noticed Erica
 47742 | D:15     | Killed Erica
 48057 | D:15     | Reached skill level 13 in Translocations
 48345 | D:15     | elf or vaults
 48397 | Vaults:1 | Entered Level 1 of the Vaults
 48398 | Vaults:1 | the first warden will slaughter me btw
 48714 | D:14     | Reached skill level 2 in Armour
 49227 | D:14     | Reached skill level 7 in Spellcasting
 49235 | D:14     | almost
 49591 | Vaults:1 | Reached skill level 14 in Short Blades
 50850 | Vaults:1 | Received a gift from Okawaru
 51307 | Vaults:1 | Received a gift from Okawaru
 51323 | Vaults:1 | Shot with a bolt by a vault warden

Illustrated notes ..# #....# ...........## ..# #....# #...........# ..# #....# #...........# ..###....# #h..#.......)...# ...(.....+ #...#...........# ####.....##### #.#.#...........# ...'(........# #.#.#...........# ####...#####.# #.#.###.######### #...# #.# #@........# #...# #.# ###..##.#.# #...# #K# .......#.# #...# #.# #.#...#.#.# #.# ..#.....#.# #.#####...#<#.# #...# #....÷......#.# ### #...###########).#..#.# #.. #...##...........#.>#.# #.# Turn 1987 on D:2: nightstalker 3? ##.## ##...## ##.....## C#c# ........# ...# ##.....## #..# ###...## #..# ####.## #..# ...#.############..# ##.#............@..# ##.#.#####........## ##.#.# #.######.# ##...# #.......[# ####.# #.######## ..##.#####.# #.##.......# #.#####.#### ........# Turn 7719 on D:7: funny vault, possibly ###.#..≈≈≈ .......#.≈.≈≈ #......#.§≈.D #........≈≈≈> O...# #......@..≈≈. .... #<........≈≈≈ ...#######......#...§. .!..............#..... ...# ####......####.# ...# #......# ...#######......# ...........###### ...######### Turn 7808 on D:8: dude wtf ##...#### ##.## ...### ##...## .### #.....# ## #.....# $.# #.....# # .#..# ##...## D8## #...# ##.## ...8###..# #.# ≈....@...########.# ...8###...........# .8###....########## ###......# ###...###### ###....## ####......# ###.....##### ###...#...# Turn 9318 on D:9: another vault, with unseen horror #.## #....#####.# ...##...........## ......o####....## .....# ##...## ##..## #...## ##..# ##..## #...# ##..## ....####..######### ....##...####...@.## ####....####..####.# ##...###..## ##.# #......)## ##.## ##.....## ##.## ##....# ##.## ### ##...###..# ..## ##.....).## ...####.......## Turn 12000 on D:10: n o p e ..#.# #....###[#.#.##.8####..#. #...# #..####.#.#.#.#...8####.. ###.#####..#......)...#8....8#### #..........####.#)#.#.#..≈....8## #.#.######.## ##.#.#.##8..8≈..... #.#.# #.#.#####....#..≈....8## #.#.# #.#.#.#####..#8....8###. #.#.# #.##.#.#.####....8###... #.#.# #.#.#.#@#.####.8###...## #.#.# #.#.#####.....###....## #.#.## #.#.#.#.#.#####......# #..#.#####.##÷#.#†###.....##### #.###......#.#.####...#...# ...#.#####.#.####...###..## ....######.####..........# ####.....#......#......).# ##8#.###.##.##.###.#####.# Turn 13555 on D:9: XD ..# #.########...###..#.#.## ..# #.# ###.(..###...#..#..# .## #.###...####..#...#[#..# .# #.#...###....#...#..#..# .# ###...###..###..#...#.#..# ## ####...###.....####...#..#..# # #....###[#.#.##.8####..#.#..# # #..####.#.#.#.#...8####..#..# #####..#......).@.#8....8####...# .......####.#)#.#.#..≈....8###..# ######.#####.#.#.##8..8≈........# # #.#.#####....#..≈....8###... # #.#.#.#####..#8....8###....# # #.##.#.#.####....8###......# # #.#.#.#.#.####.8###...###### # #.#.#####.....###....## ## #.#.#.#.#.#####......# Turn 13584 on D:9: funny vault .....###.........# .....##.#........## ........#.........# ..................## .......#.........P## ......###PP.......P# #P...# .P........# ##..## ........## ##..# ....#@#..# ###...# .....##### #....## ..#...# ##..### ##PlD# #...##P rllkl. ##...... klr.l# .....<.# ....#### #..## Turn 18365 on Lair:4: i'm so fucking dead #....................#.#. #....>.............†.#.#. #....................... ##...........###.....#..# #.........### #..##.†... #..........# ...##.#... #..........# .#........ #..........##" ........ ........@.... .###.... ..........## ##... .......#.# .... .......... #### (..... ## Turn 25929 on D:12: it's "nearby" everywhere on this fucking level #.# ##.### #..## .....## ##...# ......## ##....# .......####.....#### ........##..).)....## ............)<......#. ..##..........)....... #.#.#........###@..... #####........# ##).... .# ..........##....... .. .....#....##....... .. .....#............. ....#..........### Turn 26845 on Orc:2: >slay-6 ### #.# ###.### #..## #.....## ##...# ###......## ##....# ##.........####.....#### #...........##..@.)....## #...............)<......#. #.....##..........)....... ....#.#.#........###[..... ....#####........# ##).... .....# ..........##....... ##.... .....#....##....... # .... .....#............. # ....#..........### Turn 26856 on Orc:2: oka delivers ).###..))..#...#....#..#######.## ...###.#))#....#....#............ ....###........###'##..###.###... .....###.........))....# #.# #..⌠ ....#####......###)###.# #.# #... ....##.#...#...#.....#.###.###.## #......##.#..÷.#.....#.........#. #..)...##.#....#.....#.###.###.#. ...)..##.......#@....#.# #.# #.#. ....)####......#######.###.###.## ....## ##........)....)......... ...## ##........)..)........... ..# #.......################# ..# ##.#...## ..#### ####.## ...#.# ### .....######## ### Turn 28577 on Orc:2: it's an absolute fucking disaster ##.###.###..#....#....#....#.## ............#.)..#.....).....# ##..........##)###)........... #..⌠...⌠..))..............#.# #......)...##)###).....).#### ##.###'###..#....#..)..)).)# ...#.....#..#....#..#......## ##.#.....#..#....#..#.......# #.#.._..#..#...@#..##..#...# ##.#######..######).###....## .... ..........)).# ....## ... .............# #.### ### ############## ## Turn 28609 on Orc:2: i'm buying curing for 114, that's how bad these shops are ################ #..............# ### #..............# ..# #>.......).....# ..###....).........# ...................###. +####.##########@...... #.# ....+....... #.# @...#....... #.# ....#....... ###+#....... ....... Turn 29206 on D:14: n o p e ########## ######## #........# .......# #........# .......# #........# .......####........# ..........'........# .......####.....@..# ###.###.. #........# ###.###. #####+#### ......# ### ###.#.# #.. ...#.# #.### ...[..# #.#.. ####### #.#.# ...... #...# Turn 30689 on D:13: why am i not getting faith back ######## #........# .......# #........# .......# #........# .......####........# ..........'........# .......####........# ###.###.. #........# ###.###. #####'##### ......# #.@.... ### ###.#.# ######. #.. ...#.# #.### ...[..# #.#.. ####### #.#.# ...... #...# ....# ##### ....# ....# Turn 30694 on D:13: i don't even spam abilities .. .#.. .. .#.. .... #.###.##.##..# . #..#..#.....## .# ######...##......# .###.......###..@.><# ...#...###)).#..(...# .......# ###.....(.## .#.##...# #...#.#.# ##.##...# #...#(#.# #.##...# #####.# #.###### Turn 34710 on Snake:2: finally back at 5*, jesus #.#♣.....♣..>..♣..)..♣#.##### #.................[.....# # #####...###...###...##### # #...# #######...# # ##...# ##...## ##...#####...## ....♣....## #.......## #.@.### ##### Turn 35020 on Snake:1: uh huh ##'####.#.##.##.##....#......)... ##.####)#.##.##.##.##.#......##.# #.......#.##.##.##....'......##.# #..######+##....#####.#......##.# ...##......###.## #.#......##.# #...'.....####)## #.#......##.# #####.....#.....# #.#......##.# #.....'...##### #......##.# ##....#.###.@.### #......##.# #....####.......##+.....###.# #.######....♣....##....## #.) #.# ##...#####...####'# ### #.# ##...## ##...###.# # #.# #...#########...##.# # #)###...###...###...######### #.'.(.................+...... #.#♣.....♣..>..♣..)..♣#.##### Turn 35037 on Snake:1: i mean orcs in a lair branch, what could it be? #...# #........## ##### #####....... #...##.......## #...##...##.## #####...#....# .# #...##..#......## #...........#### ...........## ..###@......# ......##....# :....###..... # .....# .(.### #. ..N..# #. .....# .. #. #.###. ##.#.##. #..#.. ##.####....##.# ######...# Turn 35209 on Snake:2: mhhhhhh ♣♣♣♣♣ #..# ♣♣...♣♣ ##...#♣♣..∩..♣♣#. #....#♣.∩...∩.♣#.### #....#♣...⌠...♣#...# #<...#♣.......♣#.... #....#♣♣♣♣)♣♣♣♣#.... #....#####.# ##.... #..@....#..####..... #................... ##.....##.#####..... ##...###.# #..... ##### #.# #..... ... ##.... ... ##... #### Turn 37674 on Snake:4: if i can somehow cast disjunction at the end game, i will be good #..# ♣♣...♣♣ ##...#♣♣..∩..♣♣#. #....#♣.∩...∩.♣#.### #....#♣...⌠...♣#...## .# #<...#♣.......♣#....##.# #....#♣♣♣♣)♣♣♣♣#........ #....#####.# ##........ #.......#..####......... #......@................ ##.....##.#####......... ##...###.# #......... ##### #.# #........^ ... ##........ ... ##.....#. ######## Turn 37678 on Snake:4: still no portal projectile though ≈≈≈≈≈.........≈≈ ≈≈≈≈...#P.......≈ ≈≈≈..P.#........≈ ≈....P.(........≈ #P....#.P.....[≈ #.....#.......≈≈ #....P.......≈ ≈....PP...... ≈≈....@(.... ≈≈P....(..≈≈ ≈≈...(≈≈≈≈ ≈≈≈≈≈(≈≈≈≈ ≈≈≈≈≈≈≈≈≈ Turn 41907 on Shoals:1: gotcha ...≈≈≈≈≈≈ ...≈≈≈≈≈≈ ...≈≈≈≈≈≈ ≈...⌠≈⌠≈≈≈ ≈≈≈..@|.≈≈ ...≈.⌠.⌠.≈≈ ...........≈ ≈........^≈≈ ≈.≈.......≈≈≈ ..........≈≈≈ ..........≈≈≈ ..........≈≈≈ ..........≈≈≈ Turn 42543 on Shoals:3: robe of vines ≈≈≈≈≈≈≈≈≈≈≈.........,,*,,,,,,,,, ≈≈≈≈≈≈≈≈≈≈≈.....[...,,*,,,,,,,,≈ ≈≈≈≈≈≈≈≈≈≈≈...#'#...,,*,,,,,,,≈≈ ≈≈≈≈≈≈≈≈≈.....#.#,..,,,,,,,,,,≈≈ ≈≈≈≈≈≈≈≈,,....#.#,,.,,,,,,,,,,≈≈ ≈≈≈≈≈≈≈≈,,,,,,#<#,,,,,,,,,,,,,≈≈ ≈≈≈≈≈≈≈≈,,,,,,+.#,,,,,,,,,,,,,≈≈ ≈≈≈≈≈≈≈≈^≈,,,,+.#,,,,,,,,,,,,,≈≈ ≈≈≈≈≈≈≈≈≈≈≈,,,#@#,,,,,,,,,,,,,≈≈ ≈≈≈≈≈≈≈≈≈≈≈≈,,#.#,,,,,,,,,,,,,≈≈ ≈≈≈≈≈≈≈≈≈≈≈≈≈,#.#,,,,,,,,,,,,,≈≈ ≈≈≈≈≈≈≈≈≈≈≈≈≈≈#+#,,,,,,,,,,,,,,≈ ≈≈≈≈≈≈≈≈≈≈≈≈≈≈,,,,,,**≈**≈,,,,,≈ ≈≈≈≈≈≈≈≈≈≈≈≈≈≈≈,,,,,*******,,,,≈ ≈≈≈≈≈≈≈≈≈≈≈≈≈≈≈,,,,**,***,***,,≈ ≈≈≈≈≈≈≈≈≈≈≈≈≈≈≈,,,,*,,,≈,,,**,≈≈ ≈≈≈≈≈≈≈≈≈≈≈≈≈≈≈,,,**≈,*,*,***,≈≈ Turn 42997 on Shoals:4: shop in shoals 4, huh

≈≈≈≈≈≈≈≈≈≈≈≈≈...,,,<,,,,≈*,≈,,,≈,
.....≈≈≈≈≈≈≈≈≈.≈,,,,,,,,**,,*,*,*
.....≈≈≈≈≈≈≈≈≈.≈,,,,,,,,≈*,,,≈,,,
..≈≈.≈≈≈(≈≈≈≈#***,,*,,,,***,***,*
.≈≈≈≈≈≈≈≈≈≈≈≈##***##,,,,,,*******
..≈≈≈≈≈≈<≈≈.##.###..#*,,,,,***≈,*
...≈≈≈≈≈≈..≈#...≈...#,,,,,,,,,,,,
...........###.#.#.≈#,,,,,,,,,,,≈
...........##≈≈.@.≈#**,,,≈≈≈≈≈≈≈≈
...........≈#..#.#.##*.≈≈.≈≈≈≈≈≈≈
.....P.....##...≈...#≈≈≈≈≈≈≈≈≈≈≈≈
...........###.#.#†.##≈≈≈≈≈≈≈≈≈≈≈
.........P...#######.≈≈≈≈≈≈≈≈≈≈≈≈
.............≈.#≈#≈#)≈≈≈≈≈≈≈≈≈≈≈≈
....................≈≈≈≈≈≈≈≈≈≈≈≈≈
.PP.................≈≈≈≈≈≈≈≈≈≈≈≈≈
..P................≈≈≈≈≈≈≈≈≈≈≈≈≈≈


Turn 44198 on Shoals:4: nice slaying minuses on randarts this game
..#....'......u+.#.....#..#. ..#....#.......#.#.....#..'. #
..#....#.......#.#.....#..'. # ..#....#.......#.####''#..#######
..######.......#(................ .........u.....#(........(...(.((
........u......#)#######..#''#### ............####)#.....'..# .. #
.######.....#...@#.....'..# u # .+....'.....#...)#....(#..# # .#...u#.....#....#
#..# # .#....#.....'....# #..# # .#....#.....#....#######..#######
)#....#....##......#............. .######....#.......#.............
...........#.......#..#####...... ...........#.......#..# #...... Turn 46889 on
D:14: this isn't bad #..# #...# #..# #...# #..# #..^# #..# #..)# #..# #...# #..#
#...# #..# #...# #..# ##.))# #..# #...# #..# #...)#### #..# #...# #..# #........
#..# #...# #..# #.....).. ##..####...#####..# #...###.. ................@.#
#...#(#.. ################### #...###.. #........ #........ #...##### ##### Turn
48345 on D:15: elf or vaults ######## #......# #......# #......# #...@..#
#......# #......# +......# ####+### Turn 48398 on Vaults:1: the first warden
will slaughter me btw ....#.......#.#.....#..'.....#...
....#.......#.####''#..#######... #####.......#..............).....
............#.........[....†..... ............#[#######..#''####...
.........####(#.....+..#.... #... ####.....#...[#....)+..#.....#...
...'.....#...[#.....#..#.....#... ...#.....#....#.@...#..# #...
...#.....'....#∩[...#..# #... ...#.....#....#######..##########
...#....##......#...............# ####....#.......#...............#
........#.......#..#####........# ........#.......#..# #........#
........#.......#..# #>.......# ........#.......#..# #........# Turn 49235 on
D:14: almost

Levels and vault maps discovered:
D:1:      amcnicky_arrival_gap_in_the_tavern_cellar, layout_loops_cross,
          serial_bayou, serial_bayou_shore_a, serial_bayou_pond_b,
          serial_bayou_lagoon_a, serial_bayou_pond_a
D:2:      layout_basic, basic_altar, st_stairs_9, uniq_natasha
D:3:      layout_basic, ebering_ecumenical_altar_petrified,
          kennysheep_minor_cross, chequers_serial_rivers_large_b
D:4:      layout_basic, kennysheep_donut, lemuel_old_faithful
D:5:      layout_basic, kennysheep_small_circle, uniq_edmund
D:6:      layout_cave_pods, minmay_temple_entry_mist, uniq_eustachio,
          uniq_grinder
D:7:      layout_loops_ring, minmay_microvault
D:8:      layout_rooms, mainiacjoe_overflow_divided_tiny, minmay_lair_entry_lava
D:9:      minmay_the_grid_triangle_9x9_rhombus_thin
          [minmay_the_grid_triangle_9x9_zippers_vertical,
          minmay_the_grid_triangle_9x9_prize_special,
          minmay_the_grid_triangle_9x9_zippers_horizontal,
          minmay_the_grid_triangle_9x9_shrine], layout_loops_ring,
          corexii_hall_statues_x, hex_medium
D:10:     layout_layer_cave, serial_shops, kennysheep_mini_moat,
          kennysheep_little_box, nicolae_inconvenience_store, uniq_nergalle,
          uniq_grum
D:11:     layout_rooms, erik_orc_4
D:12:     layout_rooms, portal_ice_cave_demonic_guard, uniq_snorg, uniq_urug
D:13:     layout_basic, special_room [special_room_bee], serial_shops,
          kennysheep_mini
D:14:     layout_irregular_city, skrybe_vaults_entry_preservation,
          pdpol_wu_jian_five_deadly_venoms, uniq_azrael, uniq_rupert,
          uniq_jorgrun, uniq_louise
D:15:     gammafunk_enter_depths_forms, layout_long_grid,
          minmay_misc_feat_four_crosses, sword_in_stone
Temple:   mainiacjoe_temple_cubbyholes
Lair:1:   layout_loops_ring
Lair:2:   layout_layer_cave, elwin_shoals_entry_stream, serial_bayou_lagoon_b,
          grunt_megastairs_3
Lair:3:   layout_hall_layers, ebering_ghost_disaster_area, grunt_megastairs_1,
          infiniplex_staircase_pool, uniq_prince_ribbit2
Lair:4:   layout_roguey [special_room_mythical_zoo], dummy_snake_entry,
          uniq_kirke
Lair:5:   dpeg_oklob_shooting_range, layout_cave_pods,
          nicolae_volcano_entry_lava_flow, hangedman_lair_unloving_vines
Lair:6:   minmay_lair_end_enchanted_forest, layout_regular_city, slime_altar_2,
          serial_bayou_pond_d, grunt_forest_large_clearing_hut,
          lemuel_fruit_tree
Shoals:1: layout_shoals, nzn_prometheus_bound
Shoals:2: layout_shoals
Shoals:3: layout_shoals, serial_shops, shop_fountains
Shoals:4: shoals_end_grunt_ice, layout_shoals, serial_shops,
          nicolae_shop_hallway_stairs
Snake:1:  layout_gridlike, serial_shops, nicolae_square_shop, grunt_megastairs_5
Snake:2:  layout_misc_corridors, nicolae_shop_gadgets, uniq_vashnia,
          uniq_saint_roka
Snake:3:  layout_misc_corridors, grunt_ministairs_3, guppyfry_snake_island
Snake:4:  grunt_snake_rune_serpentine_throne, layout_rooms, minmay_shop_grove
Orc:1:    layout_diamond_mine
Orc:2:    st_orc_town, layout_diamond_mine, mines2_david, uniq_nessos
Vaults:1: hangedman_vaults_pinch, nicolae_vaults_little_squares_3, v_pattern_3,
          v_misc_29, hangedman_vaults_maws, nicolae_vaults_diagonal_hallway_6,
          ontoclasm_vaults_ring_small, v_misc_33, vaults_room_boxed,
          nicolae_vaults_circle_grid_b, ontoclasm_vaults_ligature,
          vaults_dpeg_diagonal, hangedman_vaults_stretched_pinwheel,
          nicolae_vaults_asterisk, layout_vaults_ring

Skill      XL: |  1  2  3  4  5  6  7  8  9 10 11 12 13 14 15 16 17 18 19 |
---------------+----------------------------------------------------------+-----
Short Blades   | 3 4 5 6 8 9 10 12 13 14 | 14.0
Fighting       | 3 4 6 8 10 12 13 14 15 16 | 16.9
Dodging        | 3 5 6 8 10 11 12 13 | 13.5
Stealth        | 6 7 12 14 | 14.0
Invocations    | 4 7 8 10 11 | 11.1
Evocations     | 2 3 5 6 8 |  8.3
Crossbows      | 9 10 15 18 | 18.0
Translocations | 4 8 11 12 13 | 13.6
Spellcasting   | 5 6 7 |  7.4
Hexes          | 4 |  4.0
Armour         | 2 |  2.9
Throwing       | |  1.1

Action                   |  1- 3 |  4- 6 |  7- 9 | 10-12 | 13-15 | 16-18 | 19-21 || total
-------------------------+-------+-------+-------+-------+-------+-------+-------++-------
Melee: Short sword       |   112 |    82 |   229 |   804 |  1766 |   131 |       ||  3124
       Punch             |     4 |     3 |     2 |    26 |    57 |     3 |       ||    95
       Rapier            |       |       |       |       |     5 |    37 |     5 ||    47
       Scimitar          |       |       |       |       |    50 |     6 |       ||    56
 Fire: Shortbow          |       |       |       |     7 |       |       |       ||     7
       Arbalest          |       |       |       |     6 |   257 |  1386 |   386 ||  2035
Throw: Dart              |       |    10 |     9 |    19 |       |       |       ||    38
       Boomerang         |       |       |       |     1 |       |       |       ||     1
 Cast: Blink             |       |       |       |       |       |     2 |    11 ||    13
       Apportation       |       |       |       |       |       |    40 |       ||    40
       Portal Projectile |       |       |       |       |       |    11 |     5 ||    16
       Passage of Golubr |       |       |       |       |       |       |     2 ||     2
Invok: Heroism           |       |       |     1 |    23 |    35 |    16 |     5 ||    80
       Finesse           |       |       |       |     4 |     8 |     5 |       ||    17
       Duel              |       |       |       |       |     1 |       |       ||     1
Evoke: Wand              |       |       |     9 |     5 |     1 |     4 |     1 ||    20
  Use: Scroll            |     1 |     3 |     1 |     5 |     9 |    10 |     4 ||    33
       Potion            |       |       |       |     1 |     1 |     6 |       ||     8
 Stab: Sleeping          |     5 |     6 |    10 |     9 |    35 |       |       ||    65
       Distracted        |       |       |       |     3 |    12 |       |       ||    15
       Paralysed         |       |       |       |     1 |       |       |     1 ||     2
Armor: Leather armour    |    12 |       |    14 |    92 |   202 |   159 |    42 ||   521
       Ring mail         |    13 |    15 |    11 |       |       |       |       ||    39
Dodge: Dodged            |    59 |    33 |    97 |   406 |  1090 |  1033 |   270 ||  2988
